 Dungeon Crawl Stone Soup version 0.17.0-28-g6e173f8 (webtiles) character file.

437 septik the Slasher (level 7, -2/46 HPs)
             Began as an Octopode Fighter on Nov 30, 2015.
             Slain by lorenzova's ghost (7 damage)
             ... on level 5 of the Dungeon.
             The game lasted 00:06:08 (3987 turns).

septik the Slasher (Octopode Fighter)               Turns: 3987, Time: 00:06:08

Health: -2/46      AC:  1    Str: 15    XL:     7   Next: 1%
Magic:  7/7        EV: 11    Int: 13    God:
Gold:   199        SH:  9    Dex: 14    Spells: 0 memorised, 6 levels left

rFire  . . .     SeeInvis .     a - +0 long sword
rCold  . . .     Clarity  .     b - +0 shield
rNeg   . . .     SustAt   .     (helmet restricted)
rPois  .         Gourm    .     (no amulet)
rElec  .         Spirit   .     t - ring of stealth
rCorr  .         Warding  .     C - +3 ring of intelligence
rMut   .         Stasis   .     (no ring)
MR     .....                    (no ring)
Stlth  +++.......               (no ring)
                                (no ring)
                                (no ring)
                                (no ring)

@: not resistant to hostile enchantments, fairly stealthy
A: almost no armour, amphibious, 8 rings, constrict 8, camouflage 1, gelatinous
body 1
a: no special abilities


You were on level 5 of the Dungeon.
You were very hungry.

You visited 1 branch of the dungeon, and saw 5 of its levels.

You collected 199 gold pieces.

Inventory:

Hand Weapons
 a - a +0 long sword (weapon)
Missiles
 g - 20 tomahawks (quivered)
 p - 131 stones
Armour
 b - a +0 shield (worn)
 y - a +0 buckler
Jewellery
 t - a ring of stealth (left tentacle)
 C - a +3 ring of intelligence (right tentacle)
Scrolls
 f - 2 scrolls of magic mapping {unknown}
 i - a scroll of amnesia {unknown}
 j - 4 scrolls of identify {unknown}
 l - 2 scrolls of fear {unknown}
 n - 2 scrolls of immolation {unknown}
 o - 4 scrolls of remove curse {unknown}
 q - a scroll of enchant weapon {unknown}
 u - 2 scrolls of random uselessness {unknown}
 v - a scroll of enchant armour {unknown}
 x - a scroll of fog {unknown}
 D - a scroll of recharging {unknown}
Potions
 c - a potion of might
 e - 3 potions of curing {unknown}
 h - a potion of flight {unknown}
 k - 2 potions of haste {unknown}
 m - a potion of magic {unknown}
 s - a potion of brilliance {unknown}
 z - a potion of ambrosia {unknown}
 A - a potion of poison {unknown}
 B - a potion of degeneration {unknown}
Books
 w - a book of Callings

   Spells                             Type                      Level
   a - Summon Small Mammal            Summoning                    1
   b - Call Imp                       Summoning                    2
   c - Call Canine Familiar           Summoning                    3
   d - Summon Guardian Golem          Hexes/Summoning              3
   e - Summon Lightning Spire         Summoning/Air                4
   f - Summon Ice Beast               Ice/Summoning                4
Comestibles
 d - 2 bread rations
 r - 3 fruits


   Skills:
 - Level 3.0 Fighting
 + Level 7.3 Long Blades
 - Level 3.0 Dodging
 - Level 3.0 Shields


You had 6 spell levels left.
You didn't know any spells.

Dungeon Overview and Level Annotations

Branches:
Dungeon (5/15)
 Temple: D:4-7

Altars:
Cheibriados
Elyvilon
Fedhas
Yredelemnul

Annotations:
D:5 lorenzova's ghost, novice DECj


Innate Abilities, Weirdness & Mutations

You cannot wear most types of armour.
You are amphibious.
You can wear up to eight rings at the same time.
You can use your tentacles to constrict eight enemies at once.
Your skin changes colour to match your surroundings (Stealth).
Your rubbery body absorbs attacks (AC +1).


Message History

You are too injured to fight recklessly!
You are too injured to fight recklessly!
You are too injured to fight recklessly!
You are too injured to fight recklessly!
You are too injured to fight recklessly!
You are too injured to fight recklessly!
You are too injured to fight recklessly!
You are too injured to fight recklessly!
You are too injured to fight recklessly!
You are too injured to fight recklessly!
You are too injured to fight recklessly!
You are too injured to fight recklessly!
You hit lorenzova's ghost but do no damage.
Lorenzova's ghost points at you and mumbles some strange words.
The magic dart hits you!
* * * LOW HITPOINT WARNING * * *
You miss lorenzova's ghost. You block lorenzova's ghost's attack.
You hit lorenzova's ghost but do no damage.
Lorenzova's ghost hits you!
You die...

########### ..
#.........# ...
#....$....#
....#.........#
.......W......#
.......@......#
..............#
..............#
..............#
....#.........#
....#.........#
##. #........<#
# #.........#
....########


You could see lorenzova's ghost.

Vanquished Creatures
  2 ogres (D:4)
  A hound (D:4)
  A jelly (D:4)
  An orc wizard (D:3)
  Terence (D:2)
  A worker ant (D:4)
  A gnoll (D:4)
  4 adders
  An ooze (D:3)
  An adder skeleton (D:4)
  2 worms (D:3)
  4 orcs
  A ball python (D:1)
  2 bats
  8 hobgoblins
  11 jackals
  2 quokkas
  A giant gecko (D:3)
  4 giant newts
  11 goblins
  8 kobolds
  4 rats
72 creatures vanquished.

Vanquished Creatures (others)
  A goblin (D:2)
  A giant cockroach (D:2)
2 creatures vanquished.

Grand Total: 74 creatures vanquished

Notes
Turn   | Place    | Note
--------------------------------------------------------------
     0 | D:1      | septik the Octopode Fighter began the quest for the Orb.
     0 | D:1      | Reached XP level 1. HP: 16/16 MP: 1/1
   293 | D:1      | Reached XP level 2. HP: 19/21 MP: 2/2
   728 | D:2      | Found a white marble altar of Elyvilon.
   766 | D:2      | Reached XP level 3. HP: 12/26 MP: 3/3
  1222 | D:2      | Reached skill level 4 in Long Blades
  1444 | D:2      | Noticed Terence
  1461 | D:2      | Reached XP level 4. HP: 23/31 MP: 4/4
  1471 | D:2      | Killed Terence
  2025 | D:3      | Reached skill level 5 in Long Blades
  2025 | D:3      | Reached XP level 5. HP: 16/36 MP: 5/5
  2510 | D:3      | Found a blossoming altar of Fedhas.
  3190 | D:4      | Noticed an ogre
  3211 | D:4      | Killed an ogre
  3211 | D:4      | Reached skill level 6 in Long Blades
  3211 | D:4      | Reached XP level 6. HP: 12/42 MP: 6/6
  3330 | D:4      | Noticed an ogre
  3340 | D:4      | Killed an ogre
  3340 | D:4      | Reached skill level 7 in Long Blades
  3484 | D:4      | Found a snail-covered altar of Cheibriados.
  3743 | D:4      | Found a basalt altar of Yredelemnul.
  3750 | D:4      | Reached XP level 7. HP: 46/46 MP: 7/7
  3977 | D:5      | Entered Level 5 of the Dungeon
  3977 | D:5      | Noticed lorenzova's ghost (novice DECj)
  3987 | D:5      | Slain by lorenzova's ghost

Action                   |  1- 3 |  4- 6 |  7- 9 || total
-------------------------+-------+-------+-------++-------
Melee: Long sword        |    54 |   104 |     4 ||   162
 Stab: Sleeping          |     3 |     2 |       ||     5
       Distracted        |       |     1 |       ||     1
  Eat: Chunk             |     2 |     5 |       ||     7
       Pizza             |       |     1 |       ||     1
